 Dungeon Crawl Stone Soup version 0.26-a0-648-g87339cca5e (webtiles) character file.

Game seed: 18446134103622942009

37 simcity the Conjurer (level 3, -3/21 HPs)
             Began as an Octopode Conjurer on Sept 26, 2020.
             Slain by a quokka (4 damage)
             ... on level 2 of the Dungeon.
             The game lasted 00:02:17 (1467 turns).

simcity the Conjurer (Octopode Conjurer)            Turns: 1467, Time: 00:02:17

Health: -3/21      AC:  1    Str:  6    XL:     3   Next: 41%
Magic:  1/7        EV: 13    Int: 21    God:
Gold:   74         SH:  0    Dex: 10    Spells: 4/7 levels left

rFire    . . .     SeeInvis .   c - -3 dagger (curse)
rCold    . . .     Faith    .   (no shield)
rNeg     . . .     Spirit   .   (helmet restricted)
rPois    .         Reflect  .   (no amulet)
rElec    .         Harm     .   (no ring)
rCorr    .         Rampage  .   (no ring)
MR       .....                  (no ring)
Stlth    +++.......             (no ring)
HPRegen  0.07/turn              (no ring)
MPRegen  0.10/turn              (no ring)
                                (no ring)
                                (no ring)

@: no status effects
A: almost no armour, stealthy swim, amphibious, 8 rings, constrict 8, camouflage
1, gelatinous body 1
a: no special abilities


You were on level 2 of the Dungeon.
You visited 1 branch of the dungeon, and saw 2 of its levels.

You collected 74 gold pieces.

Inventory:

Hand Weapons
 c - a cursed -3 dagger (weapon)
Missiles
 a - 94 bolts
Armour
 e - a +0 kite shield
Scrolls
 b - 3 scrolls of teleportation {unknown}
 d - a scroll of identify {unknown}
 g - a scroll of magic mapping {unknown}
Potions
 f - a potion of haste {unknown}
 h - a potion of resistance {unknown}
 i - a potion of flight {unknown}


   Skills:
 - Level 2.0 Dodging
 - Level 2.6 Stealth
 + Level 2.8 Spellcasting
 + Level 4.6 Conjurations


You had 4 spell levels left.
You knew the following spells:

 Your Spells              Type           Power        Failure   Level
a - Magic Dart            Conj           ###.         1%          1
b - Searing Ray           Conj           ###...       3%          2

Your spell library contained the following spells:

 Spells                   Type           Power        Failure   Level
 Dazzling Flash           Conj/Hex       ##....       16%         3
 Fulminant Prism          Conj/Hex       ##........   45%         4
 Iskenderun's Mystic Bla  Conj/Tloc      ##......     45%         4


Dungeon Overview and Level Annotations

Branches:
Dungeon (2/15)

Altars:


Innate Abilities, Weirdness & Mutations

You cannot wear most types of armour.
You are very stealthy in the water. (Stealth+)
You are amphibious.
You can wear up to eight rings at the same time.
You can use your tentacles to constrict eight enemies at once.
Your skin changes colour to match your surroundings (Stealth+).
Your rubbery body absorbs attacks. (AC +1, EV +1)


Message History

Aim: a gnoll, wielding a -2 spear The searing ray hits the gnoll.
The gnoll is heavily wounded.
The searing ray hits the gnoll.
The gnoll is moderately wounded. (Press . to maintain the ray.)
The quokka bites you.
The searing ray misses the gnoll.
The searing ray hits the gnoll!
You kill the gnoll!
The quokka bites you. The gnoll hits you with a +0 whip!
Unknown command.
The searing ray hits the gnoll.
The gnoll is almost dead.
The quokka closely misses you. The gnoll hits you with a +0 whip.
* * * LOW HITPOINT WARNING * * *
The quokka bites you.
* * * LOW HITPOINT WARNING * * *
The searing ray misses the gnoll.
You finish channeling your searing ray.
The gnoll barely misses you. The quokka bites you.
You die...

####..#.#.###..#..##..###
..(.....................#
...........##..#.........
####...........#..##....
####.†.......#.#........#
..##..#.##...#..)........
#..............#.#.#....#
#..#..#.#.#..#.#g#.#.....
#............#.#@#.# ....
..##..#.#.##...#r#.# ..#
..##................ ...
...................
.###..#.............
.......... ......... .##
#.#...#.... ##
#.#.........


You could see a gnoll and a quokka.

Vanquished Creatures
  A gnoll (D:2)
  An ooze (D:2)
  A dart slug (D:2)
  A leopard gecko (D:1)
  2 giant cockroaches (D:1)
  2 goblins
  2 hobgoblins
  A kobold (D:2)
  3 bats
  3 frilled lizards
  5 rats
22 creatures vanquished.

Notes
Turn   | Place    | Note
-------+----------+-------------------------------------------
     0 | D:1      | simcity the Octopode Conjurer began the quest for the Orb.
     0 | D:1      | Reached XP level 1. HP: 11/11 MP: 3/3
   515 | D:1      | Reached XP level 2. HP: 17/17 MP: 3/5
   519 | D:1      | Learned a level 2 spell: Searing Ray
  1226 | D:2      | Reached XP level 3. HP: 21/21 MP: 1/7
  1466 | D:2      | HP: 1/21 [quokka (4)]
  1467 | D:2      | Slain by a quokka

Illustrated notes

Levels and vault maps discovered:
D:1:      grunt_arrival_lava_bath, layout_loops_ring, chequers_mini_garden,
          chequers_serial_rivers_micro_c
D:2:      layout_basic

Action                   || total
-------------------------++-------
Melee: Unarmed           ||     3
       Constrict         ||     1
 Cast: Magic Dart        ||    34
       Searing Ray       ||     3
Dodge: Dodged            ||     7

Table legend: (Time is in decaauts)
 A = Elapsed time spent in this place.
 B = Non-inter-level travel time spent in this place.
 C = Inter-level travel time spent in this place.
 D = Time resting spent in this place.
 E = Time spent auto-exploring this place.
 F = Levels seen in this place.
 G = Mean time per level.
                   A        B        C        D        E       F      G
               +--------+--------+--------+--------+--------+-----+--------+
         Total |   1466 |   1441 |     25 |    156 |   1158 |   2 |  733.0 |
       Dungeon |   1466 |   1441 |     25 |    156 |   1158 |   2 |  733.0 |
               +--------+--------+--------+--------+--------+-----+--------+

Top non-repeatable levels by time:
     D:1: 994 daAuts
     D:2: 471 daAuts
